BSA
GREENVILLE 84S @ KANSAS CITY KINGS
05/12/2026
 
TOP OF THE 1ST
Greenville 84s batting - Pitching for Kansas City Kings : RHP Adrián Serrano
Pitching: RHP Adrián Serrano
Batting: RHB Carlos Torres 0-0: Ground out 6-3 (Groundball, 6)
Batting: RHB Vic Langlois 0-0: Ball
1-0: Foul Ball, location: 2F
1-1: Ball
2-1: DOUBLE (Line Drive, 9LS)
Batting: LHB Paco Rosas 0-0: Called Strike
0-1: Ball
1-1: Foul Ball, location: 2F
1-2: Strikes out looking
Batting: LHB Jimmy Vickers 0-0: Called Strike
0-1: Ball
1-1: Ball
2-1: Foul Ball, location: 2F
2-2: Ball
3-2: Strikes out swinging
Top of the 1st over - 0 run(s), 1 hit(s), 0 error(s), 1 left on base; Greenville 0 - Kansas City 0
BOTTOM OF THE 1ST
Kansas City Kings batting - Pitching for Greenville 84s : RHP Jing-xiang Fa
Pitching: RHP Jing-xiang Fa
Batting: LHB Brian Boone 0-0: Ball
1-0: Fly out, F8 (Flyball, 8LM)
Batting: LHB Ray Spencer 0-0: Fly out, F8 (Flyball, 8RM)
Batting: RHB Toshimichi Kono 0-0: Called Strike
0-1: Fly out, F4 (Line Drive, 4)
Bottom of the 1st over - 0 run(s), 0 hit(s), 0 error(s), 0 left on base; Greenville 0 - Kansas City 0
TOP OF THE 2ND
Greenville 84s batting - Pitching for Kansas City Kings : RHP Adrián Serrano
Batting: LHB José Costa 0-0: Foul Ball, location: 2F
0-1: Ball
1-1: Foul Ball, location: 2F
1-2: Strikes out looking
Batting: LHB Kiyonaga Morita 0-0: Ball
1-0: Swinging Strike
1-1: Ground out 4-3 (Groundball, 34)
Batting: RHB Felipe Rodríguez 0-0: SINGLE (Groundball, 6MD)
Batting: RHB Sugita Ito 0-0: 2-RUN HOME RUN (Flyball, 7D), Distance : 355 ft
Batting: RHB Jorge Cisneros 0-0: Ball
1-0: Ball
2-0: Fly out, F9 (Flyball, 9M)
Top of the 2nd over - 2 run(s), 2 hit(s), 0 error(s), 0 left on base; Greenville 2 - Kansas City 0
BOTTOM OF THE 2ND
Kansas City Kings batting - Pitching for Greenville 84s : RHP Jing-xiang Fa
Batting: LHB Pablo Reyes 0-0: Called Strike
0-1: Ball
1-1: Ball
2-1: Ball
3-1: SINGLE (Groundball, 34D) (infield hit)
Batting: RHB Chris Chandler 0-0: Swinging Strike
0-1: Ball
1-1: Ball
2-1: Grounds into double play, 4-6-3 (Groundball, 4)
Batting: LHB Ethan Marshall 0-0: Ground out 5-3 (Groundball, 56)
Bottom of the 2nd over - 0 run(s), 1 hit(s), 0 error(s), 0 left on base; Greenville 2 - Kansas City 0
TOP OF THE 3RD
Greenville 84s batting - Pitching for Kansas City Kings : RHP Adrián Serrano
Batting: RHB Carlos Torres 0-0: Ball
1-0: Swinging Strike
1-1: Foul Ball, location: 2F
1-2: Ball
2-2: Ball
3-2: Ground out 4-3 (Groundball, 4)
Batting: RHB Vic Langlois 0-0: Ground out 4-3 (Groundball, 4)
Batting: LHB Paco Rosas 0-0: Ground out 4-3 (Groundball, 4)
Top of the 3rd over - 0 run(s), 0 hit(s), 0 error(s), 0 left on base; Greenville 2 - Kansas City 0
BOTTOM OF THE 3RD
Kansas City Kings batting - Pitching for Greenville 84s : RHP Jing-xiang Fa
Batting: RHB Ron James 0-0: Ball
1-0: Swinging Strike
1-1: Called Strike
1-2: Strikes out swinging
Batting: RHB Dave Parker 0-0: Ball
1-0: Called Strike
1-1: Ground out 4-3 (Groundball, 4)
Batting: RHB Matt Richards 0-0: Fly out, F8 (Flyball, 8RD)
Bottom of the 3rd over - 0 run(s), 0 hit(s), 0 error(s), 0 left on base; Greenville 2 - Kansas City 0
TOP OF THE 4TH
Greenville 84s batting - Pitching for Kansas City Kings : RHP Adrián Serrano
Batting: LHB Jimmy Vickers 0-0: Called Strike
0-1: Foul Ball, location: 2F
0-2: Ball
1-2: Ball
2-2: Ground out 4-3 (Groundball, 4)
Batting: LHB José Costa 0-0: Called Strike
0-1: Foul Ball, location: 2F
0-2: Ball
1-2: Fly out, F2 (Popup, 2LF)
Batting: LHB Kiyonaga Morita 0-0: Ball
1-0: Foul Ball, location: 2F
1-1: Swinging Strike
1-2: DOUBLE (Line Drive, 9D)
Batting: RHB Felipe Rodríguez 0-0: Hit by Pitch
Batting: RHB Sugita Ito 0-0: Called Strike
0-1: Ball
1-1: Swinging Strike
1-2: Ball
2-2: Fly out, F7 (Flyball, 7D)
Top of the 4th over - 0 run(s), 1 hit(s), 0 error(s), 2 left on base; Greenville 2 - Kansas City 0
BOTTOM OF THE 4TH
Kansas City Kings batting - Pitching for Greenville 84s : RHP Jing-xiang Fa
Batting: LHB Brian Boone 0-0: Ball
1-0: Swinging Strike
1-1: Ball
2-1: Fly out, F7 (Flyball, 78S)
Batting: LHB Ray Spencer 0-0: Ball
1-0: Called Strike
1-1: Swinging Strike
1-2: Strikes out looking
Batting: RHB Toshimichi Kono 0-0: Ball
1-0: Called Strike
1-1: Foul Ball, location: 2F
1-2: Foul Ball, location: 2F
1-2: Foul Ball, location: 2F
1-2: Fly out, F7 (Flyball, 78S)
Bottom of the 4th over - 0 run(s), 0 hit(s), 0 error(s), 0 left on base; Greenville 2 - Kansas City 0
TOP OF THE 5TH
Greenville 84s batting - Pitching for Kansas City Kings : RHP Adrián Serrano
Batting: RHB Jorge Cisneros 0-0: Ball
1-0: Foul Ball, location: 2F
1-1: Called Strike
1-2: Fly out, F9 (Popup, 89M)
Batting: RHB Carlos Torres 0-0: Called Strike
0-1: Swinging Strike
0-2: Fly out, F8 (Line Drive, 8RS)
Batting: RHB Vic Langlois 0-0: Called Strike
0-1: SINGLE (Line Drive, 8LS)
Batting: LHB Paco Rosas 0-0: Fly out, F6 (Popup, 6D)
Top of the 5th over - 0 run(s), 1 hit(s), 0 error(s), 1 left on base; Greenville 2 - Kansas City 0
BOTTOM OF THE 5TH
Kansas City Kings batting - Pitching for Greenville 84s : RHP Jing-xiang Fa
Batting: LHB Pablo Reyes 0-0: Ball
1-0: Called Strike
1-1: Ball
2-1: SOLO HOME RUN (Flyball, 8LXD), Distance : 412 ft
Batting: RHB Chris Chandler 0-0: Foul Ball, location: 2F
0-1: Foul Ball, location: 2F
0-2: Strikes out swinging
Batting: LHB Ethan Marshall 0-0: Called Strike
0-1: Ball
1-1: Ball
2-1: Ground out 6-3 (Groundball, 6)
Batting: RHB Ron James 0-0: Swinging Strike
0-1: Ball
1-1: Ball
2-1: Swinging Strike
2-2: Strikes out swinging
Bottom of the 5th over - 1 run(s), 1 hit(s), 0 error(s), 0 left on base; Greenville 2 - Kansas City 1
TOP OF THE 6TH
Greenville 84s batting - Pitching for Kansas City Kings : RHP Adrián Serrano
Batting: LHB Jimmy Vickers 0-0: Ball
1-0: Ball
2-0: Swinging Strike
2-1: Swinging Strike
2-2: Ball
3-2: Foul Ball, location: 2F
3-2: Strikes out looking
Batting: LHB José Costa 0-0: Ball
1-0: Foul Ball, location: 2F
1-1: DOUBLE (Line Drive, 78D)
Batting: LHB Kiyonaga Morita 0-0: Intentional Walk
Batting: RHB Felipe Rodríguez 0-0: Foul Ball, location: 2F
0-1: Ball
1-1: Ball
2-1: Foul Ball, location: 2F
2-2: Foul Ball, location: 2F
2-2: Strikes out swinging
Batting: RHB Sugita Ito 0-0: Foul Ball, location: 2F
0-1: Called Strike
0-2: Strikes out looking
Top of the 6th over - 0 run(s), 1 hit(s), 0 error(s), 2 left on base; Greenville 2 - Kansas City 1
BOTTOM OF THE 6TH
Kansas City Kings batting - Pitching for Greenville 84s : RHP Jing-xiang Fa
Batting: RHB Dave Parker 0-0: Ball
1-0: Ball
2-0: Ball
3-0: Called Strike
3-1: Foul Ball, location: 2F
3-2: Fly out, F8 (Line Drive, 8LD)
Batting: RHB Matt Richards 0-0: Ball
1-0: Called Strike
1-1: Ball
2-1: Ball
3-1: Fly out, F8 (Flyball, 8LM)
Batting: LHB Brian Boone 0-0: Foul Ball, location: 2F
0-1: Ball
1-1: SINGLE (Flyball, 89S)
Batting: LHB Ray Spencer 0-0: Called Strike
0-1: Ball
1-1: Called Strike
1-2: Foul Ball, location: 2F
1-2: Foul Ball, location: 2F
1-2: Foul Ball, location: 2F
1-2: Ball
2-2: Ball
3-2: Foul Ball, location: 2F
3-2: Fly out, F4 (Popup, 34)
Bottom of the 6th over - 0 run(s), 1 hit(s), 0 error(s), 1 left on base; Greenville 2 - Kansas City 1
TOP OF THE 7TH
Greenville 84s batting - Pitching for Kansas City Kings : RHP Adrián Serrano
Batting: RHB Jorge Cisneros 0-0: Ball
1-0: Foul Ball, location: 2F
1-1: Ground out 1-3 (Groundball, 13S)
Batting: RHB Carlos Torres 0-0: Ball
1-0: Called Strike
1-1: Ball
2-1: Ball
3-1: Ground out 5-3 (Groundball, 56)
Batting: RHB Vic Langlois 0-0: Called Strike
0-1: Swinging Strike
0-2: Ball
1-2: Strikes out looking
Top of the 7th over - 0 run(s), 0 hit(s), 0 error(s), 0 left on base; Greenville 2 - Kansas City 1
BOTTOM OF THE 7TH
Kansas City Kings batting - Pitching for Greenville 84s : RHP Jing-xiang Fa
Batting: RHB Toshimichi Kono 0-0: Ground out 6-3 (Groundball, 6M)
Batting: LHB Pablo Reyes 0-0: Ball
1-0: Called Strike
1-1: Ground out 6-3 (Groundball, 6)
Batting: RHB Chris Chandler 0-0: Ball
1-0: Swinging Strike
1-1: SINGLE (Popup, 7S)
Batting: LHB Ethan Marshall 0-0: Called Strike
0-1: Swinging Strike
0-2: Ball
1-2: Ground out 5-3 (Groundball, 56)
Bottom of the 7th over - 0 run(s), 1 hit(s), 0 error(s), 1 left on base; Greenville 2 - Kansas City 1
TOP OF THE 8TH
Greenville 84s batting - Pitching for Kansas City Kings : RHP Adrián Serrano
Pitching: LHP Víctor Soto
Batting: LHB Paco Rosas 0-0: Foul Ball, location: 2F
0-1: Called Strike
0-2: SINGLE (Line Drive, 6M)
Batting: LHB Jimmy Vickers 0-0: Ball
1-0: Ball
2-0: Foul Ball, location: 2F
2-1: Foul Ball, location: 2F
2-2: Foul Ball, location: 2F
2-2: Ball
3-2: Grounds into double play, 5-4-3 (Groundball, 56)
Batting: LHB José Costa 0-0: Swinging Strike
0-1: Called Strike
0-2: Ball
1-2: Ball
2-2: Foul Ball, location: 2F
2-2: Strikes out swinging
Top of the 8th over - 0 run(s), 1 hit(s), 0 error(s), 0 left on base; Greenville 2 - Kansas City 1
BOTTOM OF THE 8TH
Kansas City Kings batting - Pitching for Greenville 84s : RHP Jing-xiang Fa
Batting: RHB Ron James 0-0: Called Strike
0-1: Ball
1-1: DOUBLE (Flyball, 78XD)
Batting: RHB Dave Parker 0-0: Ball
1-0: Fly out, F2 (Popup, 23F)
Pinch Hitting: LHB Vic Robertson 0-0: Called Strike
0-1: Ball
1-1: Foul Ball, location: 2F
1-2: SINGLE (Groundball, 13) (infield hit)
Ron James to third
Batting: LHB Brian Boone 0-0: Ball
1-0: Ground out U3 (Groundball, 3S)
Ron James scores
Vic Robertson to second
Batting: LHB Ray Spencer 0-0: Called Strike
0-1: SINGLE (Line Drive, 4MD)
Vic Robertson to third
Batting: RHB Toshimichi Kono 0-0: Ball
1-0: Reached on Error, E9 (Popup, 34D)
Vic Robertson scores
Ray Spencer to third
Batting: LHB Pablo Reyes 0-0: Foul Ball, location: 2F
0-1: Swinging Strike
0-2: Strikes out looking
Bottom of the 8th over - 2 run(s), 3 hit(s), 1 error(s), 2 left on base; Greenville 2 - Kansas City 3
TOP OF THE 9TH
Greenville 84s batting - Pitching for Kansas City Kings : LHP Víctor Soto
Pitching: RHP Alonso Jiménez
Now at SS: Mario Franco
Batting: LHB Kiyonaga Morita 0-0: Ball
1-0: TRIPLE (Flyball, 89XD)
Pinch Hitting: LHB George Wood 0-0: Called Strike
0-1: Foul Ball, location: 2F
0-2: Foul Ball, location: 2F
0-2: Ball
1-2: DOUBLE (Flyball, 9LD)
Kiyonaga Morita scores
Batting: RHB Sugita Ito 0-0: DOUBLE (Flyball, 8LXD)
George Wood scores
Batting: RHB Jorge Cisneros 0-0: Foul Ball, location: 2F
0-1: Ground out 4-3 (Groundball, 6MS)
Sugita Ito to third
Batting: RHB Carlos Torres 0-0: Fly out, F7 (Flyball, 7D)
Runner from 3rd tags up, SCORES, no throw
Pitching: RHP Tommy Smith
Batting: RHB Vic Langlois 0-0: Called Strike
0-1: Swinging Strike
0-2: Ground out 5-3 (Groundball, 56)
Top of the 9th over - 3 run(s), 3 hit(s), 0 error(s), 0 left on base; Greenville 5 - Kansas City 3
BOTTOM OF THE 9TH
Kansas City Kings batting - Pitching for Greenville 84s : RHP Jing-xiang Fa
Pitching: RHP Ángel Lara
Now at C: Chris Moore
Batting: RHB Chris Chandler 0-0: Called Strike
0-1: Swinging Strike
0-2: Ball
1-2: Ball
2-2: SINGLE (Groundball, 56D)
Batting: LHB Ethan Marshall 0-0: Fielders Choice at 2nd, 6-4 (Groundball, 56)
Batting: RHB Ron James 0-0: Ball
1-0: Ball
2-0: Called Strike
2-1: Called Strike
2-2: Foul Ball, location: 2F
2-2: Strikes out swinging
Batting: RHB Dave Parker 0-0: Called Strike
0-1: Ball
1-1: Ball
Wild Pitch!
Ethan Marshall to second
2-1: Ball
3-1: Foul Ball, location: 2F
3-2: Base on Balls
Batting: RHB Mario Franco 0-0: DOUBLE (Flyball, 7M)
Ethan Marshall scores
Dave Parker to third
Runner from 3rd tries for Home, SAFE, no throw or cutoff
Batting: LHB Brian Boone 0-0: Hit by Pitch
Batting: LHB Ray Spencer 0-0: Foul Ball, location: 2F
0-1: Ground out 3-1 (Groundball, 34)
Bottom of the 9th over - 2 run(s), 2 hit(s), 0 error(s), 2 left on base; Greenville 5 - Kansas City 5
TOP OF THE 10TH
Greenville 84s batting - Pitching for Kansas City Kings : RHP Tommy Smith
Pitching: RHP Cipriano Montáñez
Batting: LHB Paco Rosas 0-0: Ball
1-0: Foul Ball, location: 2F
1-1: Ground out 4-3 (Groundball, 4)
Batting: LHB Jimmy Vickers 0-0: Swinging Strike
0-1: Called Strike
0-2: Ball
1-2: Ball
2-2: Ball
3-2: Strikes out swinging
Batting: LHB José Costa 0-0: Ball
1-0: Ground out 4-3 (Groundball, 4)
Top of the 10th over - 0 run(s), 0 hit(s), 0 error(s), 0 left on base; Greenville 5 - Kansas City 5
BOTTOM OF THE 10TH
Kansas City Kings batting - Pitching for Greenville 84s : RHP Ángel Lara
Batting: RHB Toshimichi Kono 0-0: Called Strike
0-1: Ball
1-1: Swinging Strike
1-2: Foul Ball, location: 2F
1-2: Ground out 6-3 (Groundball, 6S)
Batting: LHB Pablo Reyes 0-0: Ball
1-0: Ball
2-0: Ball
3-0: Called Strike
3-1: Foul Ball, location: 2F
3-2: Fly out, F7 (Flyball, 7S)
Batting: RHB Chris Chandler 0-0: Ball
1-0: Foul Ball, location: 2F
1-1: Foul Ball, location: 2F
1-2: Ball
2-2: SINGLE (Line Drive, 56D)
Batting: LHB Ethan Marshall 0-0: Ball
Chris Chandler steals 2nd base
Pickoff Throw to Second - Error! E1
Chris Chandler to third
1-0: Ground out 4-3 (Groundball, 34)
Bottom of the 10th over - 0 run(s), 1 hit(s), 1 error(s), 1 left on base; Greenville 5 - Kansas City 5
TOP OF THE 11TH
Greenville 84s batting - Pitching for Kansas City Kings : RHP Cipriano Montáñez
Batting: LHB Kiyonaga Morita 0-0: Foul Ball, location: 2F
0-1: Swinging Strike
0-2: Ball
1-2: Foul Ball, location: 2F
1-2: Ball
2-2: Ball
3-2: Base on Balls
Batting: LHB Chris Moore 0-0: Ball
1-0: Ball
2-0: Ball
3-0: Called Strike
3-1: Bunted foul
3-2: Base on Balls
Kiyonaga Morita to second
Batting: RHB Sugita Ito 0-0: Called Strike
0-1: Swinging Strike
0-2: Ball
1-2: Foul Ball, location: 2F
1-2: Ground out 6-3 (Groundball, 6S)
Kiyonaga Morita to third
Chris Moore to second
Batting: RHB Jorge Cisneros 0-0: Ball
1-0: Swinging Strike
1-1: Ball
2-1: Swinging Strike
2-2: 3-RUN HOME RUN (Flyball, 7LD), Distance : 360 ft
Pitching: RHP Ray Watkins
Batting: RHB Carlos Torres 0-0: Ball
1-0: Foul Ball, location: 2F
1-1: Called Strike
1-2: Ball
2-2: Foul Ball, location: 2F
2-2: SINGLE (Line Drive, 56D)
Batting: RHB Vic Langlois 0-0: Ball
Carlos Torres is caught stealing 2nd base
1-0: Foul Ball, location: 2F
1-1: Foul Ball, location: 2F
1-2: Strikes out swinging
Top of the 11th over - 3 run(s), 2 hit(s), 0 error(s), 0 left on base; Greenville 8 - Kansas City 5
BOTTOM OF THE 11TH
Kansas City Kings batting - Pitching for Greenville 84s : RHP Ángel Lara
Batting: RHB Ron James 0-0: Ball
1-0: Called Strike
1-1: Ball
2-1: Ball
3-1: Ground out 5-3 (Groundball, 5S)
Pitching: RHP Pierre Deschênes
Batting: RHB Dave Parker 0-0: Ball
1-0: Ball
2-0: Called Strike
2-1: Foul Ball, location: 2F
2-2: Foul Ball, location: 2F
2-2: SINGLE (Groundball, 6MD)
Batting: RHB Mario Franco 0-0: Ball
1-0: Ball
2-0: Swinging Strike
2-1: Foul Ball, location: 2F
2-2: Strikes out swinging
Batting: LHB Brian Boone 0-0: Ball
1-0: Ball
2-0: Ball
3-0: Foul Ball, location: 2F
3-1: Fly out, F4 (Popup, 34D)
Bottom of the 11th over - 0 run(s), 1 hit(s), 0 error(s), 1 left on base; Greenville 8 - Kansas City 5
Monday, December 5th, 2016 - OOTP Baseball 17.12 Build 75